Map: [ESL] Post-Youth

Players

Clem - Winner!

  • Race: Terran Terran
  • Spawn Location: 1:00

MaxPax

  • Race: Protoss Protoss
  • Spawn Location: 7:00

Event: ESL SC2 Masters 2024 Spring (Regional)

VOD

Have the link to the VOD?

Description

Time

  • Played on: May 5, 2024, 10:18 a.m.
  • Length: 8:30

All games in this series

Show
View Real Time Build Order
Export as new Build Order

Clem Terran - Winner!

Build Orders: Reaper Expand 

Get SALT Encoding   

  12  0:00  SCV  
  13  0:12  SCV  
  14  0:17  Supply Depot  
  14  0:24  SCV  
  15  0:39  SCV  
  15  0:40  Barracks  
  16  0:44  Refinery  
  16  0:51  SCV  
  17  1:03  SCV  
  18  1:15  SCV  
  19  1:27  Orbital Command, Reaper  
  20  1:40  Command Center  
  20  1:53  Supply Depot  
  20  1:54  SCV  
  21  1:59  Marine  
  22  2:06  Factory  
  22  2:08  SCV  
  23  2:21  SCV, Barracks Reactor, Refinery  
  24  2:34  SCV, Barracks  
  25  2:46  SCV  
  26  2:51  Barracks  
  26  2:53  Orbital Command  
  26  2:57  Marine x2  
  28  3:03  Cyclone  
  30  3:07  SCV  
  31  3:15  Marine x2  
  31  3:19  SCV  
  34  3:22  Barracks Tech Lab  
  34  3:23  SCV  
  35  3:33  Marine x2  
  36  3:34  SCV  
  36  3:36  Factory Tech Lab  
  36  3:37  SCV  
  36  3:39  Barracks Tech Lab  
  38  3:42  Stimpack, Marine  
  38  3:47  SCV  
  40  3:49  SCV  
  40  3:51  Supply Depot  
  41  3:56  Siege Tank  
  41  4:00  Combat Shield  
  41  4:01  Marine  
  45  4:06  Marauder  
  46  4:12  Marine  
  46  4:13  SCV, Marauder  
  46  4:16  SCV  
  50  4:19  Marine  
  51  4:25  Supply Depot  
  51  4:30  Marine  
  51  4:31  Marine  
  52  4:34  Marine  
  52  4:38  Supply Depot  
  54  4:47  Siege Tank, Marine x2  
  54  4:48  Supply Depot  
  54  4:49  Marauder  
  61  4:55  Marauder  
  61  4:56  SCV  
  61  4:58  SCV  
  61  5:05  Marine x2  
  62  5:10  Bunker, Marine  
  62  5:11  SCV x2  
  60  5:16  Marine  
  61  5:23  Cyclone  
  61  5:25  SCV  
  61  5:26  SCV  
  61  5:28  Marine  
  63  5:30  Marine  
  63  5:33  Marine  
  64  5:37  Marine  
  64  5:42  SCV x2  
  67  5:46  Marine  
  67  5:50  Supply Depot  
  67  5:53  Marine  
  67  5:55  Siege Tank  
  67  5:56  Marine  
  72  5:57  SCV x2  
  72  6:01  Marine  
  67  6:06  Marine  
  67  6:12  Bunker  
  63  6:19  Marine  
  63  6:23  Marine  
  63  6:25  Marine x2  
  61  6:32  Siege Tank  
  64  6:33  Supply Depot  
  64  6:34  SCV  
  64  6:37  Marine  
  64  6:41  Marine  
  64  6:43  Marine x2  
  67  6:48  SCV  
  66  6:54  Supply Depot, Marine  
  66  6:59  Marine  
  66  7:00  Marine x2  
  66  7:01  SCV  
  51  7:09  SCV  
  51  7:12  Marine  
  51  7:13  SCV  
  51  7:16  Marine  
  51  7:18  Marine x2  
  51  7:19  Siege Tank  
  57  7:23  SCV  
  57  7:25  SCV  
  56  7:30  Marine  
  56  7:34  Starport, Marine  
  56  7:35  SCV  
  56  7:36  Marine x2  
  61  7:43  SCV  
  62  7:47  SCV  
  62  7:48  Marine  
  62  7:50  Engineering Bay  
  63  7:52  Marine  
  63  7:54  Marine  
  63  7:56  SCV  
  63  7:57  Siege Tank  
  68  7:59  Marine  
  66  8:06  Marine  
  66  8:07  Bunker  
  66  8:10  Marine  
  66  8:12  SCV, Marine  
Show
View Real Time Build Order
Export as new Build Order

MaxPax Protoss 

Build Orders: 1 Gate Expand, Oracle Opening 

Get SALT Encoding   

  12  0:00  Probe  
  13  0:12  Probe  
  14  0:17  Pylon  
  14  0:24  Probe (Chrono Boost)  
  16  0:36  Probe (Chrono Boost)  
  16  0:37  Gateway  
  16  0:43  Probe (Chrono Boost)  
  16  0:45  Assimilator  
  17  0:50  Probe  
  18  1:03  Probe  
  19  1:15  Probe  
  20  1:22  Nexus  
  20  1:32  Cybernetics Core  
  20  1:35  Probe  
  21  1:40  Assimilator  
  21  1:47  Probe  
  21  1:51  Pylon  
  22  1:59  Probe  
  23  2:07  Adept (Chrono Boost)  
  23  2:11  Probe  
  23  2:15  Stargate  
  26  2:23  Probe  
  26  2:24  Warp Gate  
  27  2:33  Stalker  
  27  2:35  Probe (Chrono Boost)  
  31  2:39  Probe (Chrono Boost)  
  31  2:46  Probe (Chrono Boost)  
  31  2:50  Probe (Chrono Boost)  
  33  2:51  Probe (Chrono Boost)  
  34  2:59  Oracle (Chrono Boost), Probe  
  34  3:01  Probe  
  39  3:12  Probe  
  40  3:13  Pylon  
  40  3:14  Probe  
  41  3:24  Probe  
  41  3:26  Probe  
  43  3:29  Oracle (Chrono Boost)  
  43  3:32  Pylon  
  45  3:36  Probe  
  45  3:39  Probe  
  47  3:41  Pylon  
  47  3:45  Gateway  
  47  3:47  Pylon  
  47  3:48  Gateway  
  47  3:49  Probe  
  48  4:00  Oracle  
  48  4:01  Probe  
  52  4:08  Nexus  
  52  4:09  Probe  
  53  4:14  Probe  
  54  4:17  Assimilator  
  54  4:19  Assimilator  
  54  4:21  Probe  
  54  4:22  Shield Battery  
  54  4:26  Probe  
  55  4:32  Twilight Council  
  55  4:34  Probe, Forge  
  56  4:38  Probe  
  57  4:46  Oracle (Chrono Boost), Probe  
  57  4:50  Probe  
  62  4:56  Adept x3  
  62  4:58  Probe  
  69  5:05  Protoss Ground Weapons Level 1  
  69  5:10  Charge (Chrono Boost)  
  65  5:17  Pylon  
  65  5:19  Gateway  
  65  5:20  Sentry  
  63  5:21  Zealot x2  
  63  5:25  Shield Battery  
  66  5:32  Shield Battery  
  66  5:34  Pylon  
  66  5:40  Gateway  
  66  5:47  Shield Battery  
  66  5:48  Stalker  
  66  5:49  Stalker  
  70  5:50  Sentry  
  70  6:11  Cybernetics Core  
  70  6:12  Pylon, Sentry, Zealot  
  70  6:16  Zealot  
  72  6:20  Probe  
  72  6:22  Gateway  
  67  6:26  Pylon  
  67  6:35  Zealot  
  66  6:41  Pylon  
  66  6:43  Probe  
  64  6:47  Pylon  
  41  7:03  Probe  
  41  7:05  Zealot  
  41  7:06  Probe  
  35  7:10  Oracle (Chrono Boost)  
  36  7:16  Zealot  
  38  7:23  Probe  
  38  7:27  Stalker  
  38  7:28  Probe  
  38  7:30  Gateway  
  39  7:40  Stalker  
  38  7:51  Zealot  
  38  7:55  Templar Archives  
  40  8:05  Pylon  
  40  8:08  Zealot  
  38  8:15  Zealot  
  34  8:26  Zealot  
Tags
 
Add a new tag
Caveats
  • Supply blocks, unpowered buildings, or Contaminate may cause inaccurate times.
  • Supply counts are checked every 10 seconds.